 Dungeon Crawl Stone Soup version 0.28.0-53-g5a82cb258f (webtiles) character file.

Game seed: 8164581976499473052

697 Cykl0x the Digger (level 7, -2/37 HPs)
             Began as a Gargoyle Earth Elementalist on June 6, 2022.
             Was an Initiate of Vehumet.
             Slain by an orc warrior
             ... wielding a +0 mace
              (6 damage)
             ... on level 4 of the Dungeon.
             The game lasted 00:05:47 (5131 turns).

Cykl0x the Digger (Gargoyle Earth Elementalist)     Turns: 5131, Time: 00:05:47

Health: -2/37      AC:  9    Str: 12    XL:     7   Next: 65%
Magic:  1/14       EV: 11    Int: 17    God:    Vehumet [......]
Gold:   166        SH:  0    Dex: 10    Spells: 11/15 levels left

rFire   . . .      SeeInvis .   h - staff of cold
rCold   + + .      Faith    .   (no shield)
rNeg    + . .      Spirit   .   f - +1 leather armour
rPois   ∞          Reflect  .   (no helmet)
rElec   +          Harm     .   o - +0 cloak
rCorr   .          Rampage  .   (no gloves)
Will    .....                   (no boots)
Stlth   ++........              (no amulet)
HPRegen 0.12/turn               e - ring of protection from cold
MPRegen 0.14/turn               (no ring)

@: very slightly contaminated
A: sickness immunity, AC +4, negative energy resistance 1, electricity
resistance, torment resistance 1, petrification resistance
a: Renounce Religion


You were on level 4 of the Dungeon.
You worshipped Vehumet.
Vehumet was noncommittal.
You visited 2 branches of the dungeon, and saw 5 of its levels.

You collected 166 gold pieces.

Inventory:

Hand Weapons
 d - a +0 club
 g - a +1 mace
Missiles
 c - 74 stones
Armour
 b - a +0 robe
 f - a +1 leather armour (worn)
 o - a +0 cloak (worn)
Magical Staves
 h - a staff of cold (weapon)
Jewellery
 e - a ring of protection from cold (left hand)
Scrolls
 m - 2 scrolls of identify
 n - a scroll of blinking
Potions
 a - a potion of brilliance
 i - a potion of invisibility {unknown}
 j - 2 potions of heal wounds {unknown}
 k - a potion of lignification {unknown}
 l - a potion of curing {unknown}


   Skills:
 + Level 0.4 Fighting
 + Level 0.4 Staves
 + Level 0.1 Armour
 + Level 2.2 Dodging
 - Level 2.1 Stealth
 + Level 4.8 Spellcasting
 * Level 3.5 Conjurations
 - Level 0.7 Transmutations
 + Level 6.8 Earth Magic


You had 11 spell levels left.
You knew the following spells:

 Your Spells              Type           Power      Damage    Failure   Level
a - Sandblast             Erth           54%        2d13      1%          1
b - Stone Arrow           Conj/Erth      42%        3d9       6%          3

Your spell library contained the following spells:

 Spells                   Type           Power      Damage    Failure   Level
 Passwall                 Tmut/Erth      14%        N/A       6%          2
 Conjure Flame            Conj/Fire      10%        6-21      26%         3
 Petrify                  Tmut/Erth      17%        N/A       36%         4
 Ignite Poison            Fire/Tmut/Pois 4%         N/A       45%         3
 Sticky Flame             Conj/Fire      10%        2d3       65%         4


Dungeon Overview and Level Annotations

Branches:
Dungeon (4/15)             Temple (1/1) D:4

Altars:
Ashenzari
Cheibriados
Dithmenos
Elyvilon
Gozag
Hepliaklqana
Kikubaaqudgha
Okawaru
Ru
Trog
Uskayaw
Vehumet
Xom
Yredelemnul
The Shining One

Shops:
D:2 (


Innate Abilities, Weirdness & Mutations

You are immune to sickness and miasma.
Your stone body is resilient. (AC +4)
You are immune to poison.
You resist negative energy. (rN+)
You are resistant to electric shocks. (rElec)
You are resistant to unholy torment.
You are immune to petrification.


Message History

The blast of sand hits the orc wizard!
You kill the orc wizard!
Vehumet accepts your kill.
The blast of sand hits the orc!!
You kill the orc!
Vehumet accepts your kill.
The blast of sand hits the orc but does no damage.
The orc barely misses you.
The blast of sand hits the orc!
You kill the orc!
Vehumet accepts your kill.
The blast of sand misses the orc warrior.
The blast of sand hits something!
Vehumet accepts your kill.
Reactivating autopickup.
You feel a bit more experienced.
The orc warrior hits you with a +0 mace.
The blast of sand hits the orc warrior but does no damage.
The orc warrior hits you but does no damage.
The blast of sand hits the orc warrior.
The orc warrior is lightly wounded.
The orc warrior hits you with a +0 mace!
The blast of sand hits the orc warrior but does no damage.
The orc warrior is lightly wounded.
The orc warrior hits you with a +0 mace.
You miscast Sandblast.
You are very lightly contaminated with residual magic.
Nothing appears to happen.
The orc warrior hits you with a +0 mace!
* * * LOW HITPOINT WARNING * * *
Casting: Sandblast (safe; 1% risk of failure)
Confirm with . or Enter, or press ? or * to list all spells.
Aiming: Stone Arrow (dangerous; 6% risk of failure)
Press: ? - help, Shift-Dir - straight line, f/p - orc warrior
Aim: an orc warrior, wielding a +0 mace and wearing a +0 chain mail (lightly wounded, 68% to hit)
The stone arrow misses the orc warrior.
The stone arrow hits the orc!
You kill the orc!
Vehumet accepts your kill.
The orc warrior hits you with a +0 mace.
You die...

#.############ #... #.#
#### #.# #.# # # #.#
....#.#.#####
#...........#
..###.###.#.##############
#. #@# ............# # #o#
#.......###.#


oo# #.#####.#.... ##). #.....# #.. #####...# #... #.......# ...# #.#.....# ....
#.#.....# #.#..#### You could see an orc warrior and 2 orcs.

Vanquished Creatures
  Grinder (D:3)
  A black bear (D:4)
  An ogre (D:4)
  A hound (D:4)
  Jessica (D:3)
  Natasha (thrice) (D:2)
  2 orc wizards (D:4)
  A hound zombie (D:3)
  5 adders
  2 worms (D:3)
  3 dart slugs
  8 orcs
  3 ball pythons
  10 endoplasms
  2 giant cockroaches
  5 goblins
  A hobgoblin (D:2)
  2 jackals (D:1)
  4 quokkas
  4 bats
  2 frilled lizards
  6 kobolds
  5 rats
73 creatures vanquished.

Vanquished Creatures (others)
  A dart slug (D:3)
1 creature vanquished.

Grand Total: 74 creatures vanquished

Notes
Turn   | Place    | Note
-------+----------+-------------------------------------------
     0 | D:1      | Cykl0x the Gargoyle Earth Elementalist began the quest for
                  | the Orb.
     0 | D:1      | Reached XP level 1. HP: 10/10 MP: 3/3
   145 | D:1      | Reached skill level 4 in Earth Magic
   150 | D:1      | Reached XP level 2. HP: 12/15 MP: 0/5
   302 | D:1      | Noticed a shining eye
   306 | D:1      | Noticed a shining eye
   308 | D:1      | Found a faded altar of an unknown god.
   310 | D:1      | Noticed a great orb of eyes
   312 | D:1      | Noticed a great orb of eyes
  1029 | D:2      | Reached XP level 3. HP: 19/19 MP: 2/6
  1034 | D:2      | Learned a level 3 spell: Stone Arrow
  1081 | D:2      | Reached skill level 1 in Conjurations
  1297 | D:2      | Noticed Natasha
  1302 | D:2      | Killed Natasha
  1303 | D:2      | Reached XP level 4. HP: 24/24 MP: 1/7
  1374 | D:2      | Found Toklima's Antique Weapon Emporium.
  1927 | D:2      | Noticed Natasha
  1929 | D:2      | Killed Natasha
  1930 | D:2      | Reached skill level 5 in Earth Magic
  2168 | D:2      | Noticed Natasha
  2174 | D:2      | Killed Natasha
  2175 | D:2      | Reached XP level 5. HP: 24/28 MP: 2/9
  3140 | D:3      | Noticed Grinder
  3147 | D:3      | Paralysed by Grinder for 2 turns
  3158 | D:3      | Killed Grinder
  3159 | D:3      | Reached XP level 6. HP: 14/32 MP: 0/12
  3294 | D:3      | Noticed Jessica
  3296 | D:3      | Killed Jessica
  3297 | D:3      | Reached skill level 6 in Earth Magic
  3357 | D:3      | Found a broken altar of Ashenzari.
  3586 | D:3      | Found a white marble altar of Elyvilon.
  3888 | D:3      | Found a glowing golden altar of the Shining One.
  4029 | D:4      | Reached XP level 7. HP: 31/36 MP: 5/13
  4744 | D:4      | Found a staircase to the Ecumenical Temple.
  4822 | Temple   | Entered the Ecumenical Temple
  5055 | Temple   | Became a worshipper of Vehumet
  5131 | D:4      | Slain by an orc warrior

Illustrated notes

Levels and vault maps discovered:
D:1:      grunt_arrival_lava_bath, layout_basic,
          hellmonk_ecumenical_altar_watching_god, minmay_misc_feat_x,
          minmay_strange_pillars, minmay_misc_feat_four_crosses,
          lemuel_old_faithful
D:2:      layout_basic, serial_shops, nicolae_shop_behind_doors, uniq_natasha
D:3:      layout_loops_ring, nicolae_tso_swordbearing_angel,
          ashenzari_conservatory_becter, elyvilon_altar_4, uniq_grinder,
          uniq_jessica
D:4:      layout_basic, lemuel_doored_altar, temple_green
Temple:   minmay_temple_forest_path

Skill      XL: |  1  2  3  4  5  6 |
---------------+-------------------+-----
Earth Magic    | 4 5 6 |  6.8
Conjurations   | 1 2 3 |  3.5
Spellcasting   | 3 4 |  4.8
Dodging        | 2 |  2.2
Fighting       | |  0.4
Staves         | |  0.4
Armour         | |  0.1
Stealth        | |  2.1
Transmutations | |  0.7

Action                   |  1- 3 |  4- 6 |  7- 9 || total
-------------------------+-------+-------+-------++-------
Melee: Club              |     4 |       |       ||     4
       Staff             |       |    36 |       ||    36
       Punch             |       |     1 |       ||     1
 Cast: Sandblast         |    26 |    37 |    17 ||    80
       Stone Arrow       |     4 |    24 |     8 ||    36
  Use: Scroll            |     4 |     3 |       ||     7
Armor: Robe              |     1 |    12 |       ||    13
       Leather armour    |       |       |     2 ||     2
Dodge: Dodged            |     7 |    32 |     2 ||    41
